 Dungeon Crawl Stone Soup version 0.19.0-18-g426998a (webtiles) character file.

123 MirrMurr the Chucker (level 4, -4/41 HPs)
             Began as a Troll Hunter on Nov 12, 2016.
             Slain by a gnoll
             ... wielding a +3 spear of freezing
              (7 damage)
             ... on level 3 of the Dungeon.
             The game lasted 00:03:50 (1799 turns).

MirrMurr the Chucker (Troll Hunter)                 Turns: 1799, Time: 00:03:51

Health: -4/41      AC:  5    Str: 20    XL:     4   Next: 79%
Magic:  3/3        EV: 10    Int:  7    God:
Gold:   148        SH:  0    Dex: 11    Spells: 0 memorised, 3 levels left

rFire  . . .     SeeInvis .       - Unarmed
rCold  . . .     Gourm    +     b - +0 robe
rNeg   . . .     Faith    .     (no shield)
rPois  .         Spirit   .     (helmet restricted)
rElec  .         Reflect  .     (no cloak)
rCorr  .         Harm     .     (gloves unavailable)
MR     .....                    (boots unavailable)
Stlth  +.........               (no amulet)
                                (no ring)
                                (no ring)

@: no status effects
A: unfitting armour, claws 3, fast metabolism 3, gourmand, regeneration 1,
shaggy fur 1, tough skin 2
a: no special abilities


You were on level 3 of the Dungeon.
You were very full.

You visited 1 branch of the dungeon, and saw 3 of its levels.

You collected 148 gold pieces.

Inventory:

Missiles
 c - 3 large rocks (quivered)
 d - 3 throwing nets
Armour
 b - a +0 robe (worn)
Jewellery
 g - a cursed amulet of inaccuracy {unknown}
 q - an uncursed amulet of harm {unknown}
Scrolls
 e - a scroll of random uselessness {unknown}
 j - a scroll of recharging
 k - a scroll of blinking {unknown}
 r - 3 scrolls of remove curse
Potions
 a - a potion of invisibility {unknown}
 i - 2 potions of flight
 l - a potion of mutation {unknown}
 m - a potion of degeneration {unknown}
 n - a potion of lignification {unknown}
 p - a potion of curing {unknown}
Comestibles
 f - 6 bread rations
 h - a meat ration
 o - a beef jerky


   Skills:
 + Level 1.5 Fighting
 + Level 4.6 Throwing
 - Level 1.5 Dodging
 - Level 0.3 Stealth
 * Level 3.2 Unarmed Combat


You had 3 spell levels left.
You didn't know any spells.

Dungeon Overview and Level Annotations

Branches:
Dungeon (3/15)

Altars:


Innate Abilities, Weirdness & Mutations

You are too large for most types of armour.
You have claws for hands.
Your metabolism is lightning-fast.
You like to eat raw meat.
Your natural rate of healing is unusually fast.
You are covered in fur. (AC +1)
You have very tough skin. (AC +2)


Message History

Throwing (i - inventory. (,) - cycle):
c - 4 large rocks (quivered)
Press: ? - help, Shift-Dir - straight line, f - gnoll
Aim: a gnoll, wielding a spear of freezing You throw a large rock.
The large rock closely misses the gnoll.
The large rock hits the hobgoblin.
The hobgoblin is heavily wounded.
The gnoll hits you but does no damage.
The gnoll hits you from afar with a spear of freezing.
* * * LOW HITPOINT WARNING * * *
The gnoll freezes you.
* * * LOW HITPOINT WARNING * * *
The gnoll hits you with a spear of freezing.
* * * LOW HITPOINT WARNING * * *
The gnoll freezes you.
* * * LOW HITPOINT WARNING * * *
Things that are here:
a large rock; a flail; a gnoll corpse The gnoll hits you from afar with a spear of freezing!
You die...

#......#
##'#'### #
#.#g#### .
#.#.g..#
#g#..†...#
###
#g#.##g###
... #g#..
... ...
#(### ....
.## #####@#
.### #
...#.# # .
#######.#.#
#
..........#
######.###
#.# #.#.
#.#
.#.#####
#.# ......#
#.#
#####.###.#


You could see 2 gnolls and a hobgoblin.

Vanquished Creatures
  Robin (D:2)
  2 gnolls
  An adder (D:2)
  2 oozes
  5 leopard geckos
  3 orcs (D:2)
  A ball python (D:2)
  7 bats
  2 giant cockroaches
  18 goblins
  6 hobgoblins
  2 quokkas (D:2)
  2 frilled lizards
  4 kobolds
  6 rats
62 creatures vanquished.

Notes
Turn   | Place    | Note
-------+----------+-------------------------------------------
     0 | D:1      | MirrMurr the Troll Hunter began the quest for the Orb.
     0 | D:1      | Reached XP level 1. HP: 19/19 MP: 0/0
   130 | D:1      | Reached XP level 2. HP: 27/27 MP: 1/1
   163 | D:1      | Reached skill level 4 in Throwing
   211 | D:1      | Reached skill level 1 in Unarmed Combat
   336 | D:1      | Reached XP level 3. HP: 31/33 MP: 2/2
   993 | D:2      | Noticed Robin
  1014 | D:2      | Killed Robin
  1014 | D:2      | Reached XP level 4. HP: 29/41 MP: 3/3
  1799 | D:3      | Slain by a gnoll

Skill      XL: |  1  2  3  4 |
---------------+-------------+-----
Throwing       | 4 |  4.6
Unarmed Combat | 1 2 3 |  3.2
Fighting       | |  1.5
Dodging        | |  1.5
Stealth        | |  0.3

Action                   |  1- 3 |  4- 6 || total
-------------------------+-------+-------++-------
Melee: Unarmed           |   113 |    76 ||   189
       Punch             |     1 |     1 ||     2
Throw: Large rock        |       |     2 ||     2
  Use: Scroll            |     5 |       ||     5
 Stab: Sleeping          |     1 |     1 ||     2
       Distracted        |     1 |       ||     1
  Eat: Chunk             |    15 |     6 ||    21
Armor: Robe              |    36 |    37 ||    73
Dodge: Dodged            |    47 |    51 ||    98
